 Dungeon Crawl Stone Soup version 0.27.1-35-g4d5d836560 (webtiles) character file.

Game seed: 6093240235289686971

25 cbfl8 the Slasher (level 2, 0/27 HPs)
             Began as a Minotaur Monk on June 10, 2022.
             Succumbed to a scorpion's poison
             ... on level 2 of the Dungeon.
             The game lasted 00:02:20 (1434 turns).

cbfl8 the Slasher (Minotaur Monk)                   Turns: 1434, Time: 00:02:20

Health: 0/27       AC:  6    Str: 15    XL:     2   Next: 86%
Magic:  1/1        EV: 10    Int:  7    God:
Gold:   50         SH:  0    Dex: 12    Spells: 1/1 levels left

rFire    . . .     SeeInvis .   a - +0 falchion
rCold    . . .     Faith    .   (no shield)
rNeg     . . .     Spirit   .   c - +0 scale mail
rPois    .         Reflect  .   (helmet restricted)
rElec    .         Harm     .   (no cloak)
rCorr    .         Rampage  .   (no gloves)
Will     .....                  (no boots)
Stlth    ..........             (no amulet)
HPRegen  0.09/turn              (no ring)
MPRegen  0.07/turn              (no ring)

@: lethally poisoned (0 -> -5), very slightly contaminated, invisible
A: horns 2, retaliatory headbutt
a: no special abilities


You were on level 2 of the Dungeon.
You visited 1 branch of the dungeon, and saw 2 of its levels.

You collected 50 gold pieces.

Inventory:

Hand Weapons
 a - a +0 falchion (weapon)
 e - a +0 hand crossbow
Armour
 b - a +0 robe
 c - a +0 scale mail (worn)
Scrolls
 d - a scroll of amnesia {unknown}
 g - a scroll of teleportation {unknown}


   Skills:
 + Level 3.8 Fighting
 + Level 4.3 Long Blades
 + Level 0.3 Armour
 + Level 3.6 Dodging
 + Level 1.7 Stealth


You had one spell level left.
You didn't know any spells.
Your spell library was empty.

Dungeon Overview and Level Annotations

Branches:
Dungeon (2/15)

Altars:


Innate Abilities, Weirdness & Mutations

You have a pair of horns on your head.
You reflexively headbutt those who attack you in melee.


Message History

You are poisoned.
The scorpion poisons you! The hobgoblin misses you. You furiously retaliate!
You headbutt the hobgoblin, but do no damage.
You closely miss the scorpion.
The scorpion is lightly wounded.
You feel sick. The scorpion stings you.
You are lethally poisoned!
The scorpion poisons you! The hobgoblin misses you.
You barely miss the scorpion. Your headbutt misses the scorpion.
The scorpion is lightly wounded.
You feel very sick.
The scorpion stings you but does no damage.
The hobgoblin barely misses you.
You closely miss the scorpion.
The scorpion is lightly wounded.
* * * LOW HITPOINT WARNING * * *
You feel very sick. The scorpion completely misses you.
You furiously retaliate!
You headbutt the scorpion.
The hobgoblin hits you but does no damage.
The scorpion barely misses you.
You riposte.
You hit the scorpion.
The scorpion is severely wounded.
Okay, then.
It was a potion of invisibility.
You fade into invisibility!
* * * LOW HITPOINT WARNING * * *
You feel sick. The hobgoblin misses you. You furiously retaliate!
You headbutt the hobgoblin.
You kill the hobgoblin!
The scorpion completely misses you. You furiously retaliate!
You headbutt the scorpion, but do no damage.
You are very lightly contaminated with residual magic.
* * * LOW HITPOINT WARNING * * *
You feel sick.
* * * LOW HITPOINT WARNING * * *
You feel sick.
* * * LOW HITPOINT WARNING * * *
You feel sick. The scorpion barely misses you.
There is a stone staircase leading up here.
You die...

##.......##
#.........#
+.........+
#.........#
#...$...#
####.....#
#.......##
#.####s.#
#@.# #.^#
#..# ...#
.(.. ....##
.....
###.##


You could see a scorpion.

Vanquished Creatures
  A dart slug (D:1)
  2 endoplasms (D:1)
  8 goblins (D:1)
  A hobgoblin (D:2)
  A quokka (D:1)
  3 frilled lizards (D:1)
  3 kobolds (D:1)
  2 rats (D:1)
21 creatures vanquished.

Vanquished Creatures (others)
  8 plants (D:1)
8 creatures vanquished.

Grand Total: 29 creatures vanquished

Notes
Turn   | Place    | Note
-------+----------+-------------------------------------------
     0 | D:1      | cbfl8 the Minotaur Monk began the quest for the Orb.
     0 | D:1      | Reached XP level 1. HP: 19/19 MP: 0/0
   256 | D:1      | Reached XP level 2. HP: 26/27 MP: 1/1
   349 | D:1      | Reached skill level 4 in Long Blades
  1421 | D:2      | Noticed a scorpion
  1433 | D:2      | HP: 1/27 [poisoned by a scorpion]
  1434 | D:2      | Succumbed to a scorpion's poison

Illustrated notes

Levels and vault maps discovered:
D:1:      roderic_crop_circles_arrival_small, layout_basic, grunt_decor_clamped,
          minmay_fountain_box, minmay_misc_feat_nine_boxes, st_stairs_8,
          minmay_statues_item
D:2:      layout_loops_corners, chequers_ecumenical_altar_grove, basic_altar,
          uniq_terence

Skill      XL: |  1  2 |
---------------+-------+-----
Long Blades    | 4 |  4.3
Fighting       | |  3.8
Armour         | |  0.3
Dodging        | |  3.6
Stealth        | |  1.7

Action                   || total
-------------------------++-------
Melee: Falchion          ||    54
       Headbutt          ||    13
  Use: Potion            ||     1
Armor: Scale mail        ||    22
Dodge: Dodged            ||    24
       Rpst.: Falchion   ||     7
